 Dungeon Crawl Stone Soup version 0.28.0-45-g0d030f2227 (webtiles) character file.

Game seed: 12664783823017046197

37 Zeld the Gusty (level 3, 0/19 HPs)
             Began as a Tengu Air Elementalist on Apr 6, 2022.
             Succumbed to an adder's poison
             ... on level 2 of the Dungeon.
             The game lasted 00:01:38 (1093 turns).

Zeld the Gusty (Tengu Air Elementalist)             Turns: 1093, Time: 00:01:39

Health: 0/19       AC:  2    Str:  8    XL:     3   Next: 41%
Magic:  2/7        EV: 12    Int: 17    God:
Gold:   0          SH:  0    Dex: 14    Spells: 1/7 levels left

rFire   + . .      SeeInvis .   (no weapon)
rCold   + . .      Faith    .   (no shield)
rNeg    . . .      Spirit   .   a - +0 robe
rPois   .          Reflect  .   (helmet restricted)
rElec   .          Harm     .   e - scarf {rC+ rF+}
rCorr   .          Rampage  .   (no gloves)
Will    .....                   (boots unavailable)
Stlth   ++........              (no amulet)
HPRegen 0.06/turn               (no ring)
MPRegen 0.10/turn               (no ring)

@: lethally poisoned (0 -> -1)
A: beak, talons 3
a: no special abilities


You were on level 2 of the Dungeon.
You visited 1 branch of the dungeon, and saw 2 of its levels.

Inventory:

Armour
 a - a +0 robe (worn)
 e - a scarf of resistance (worn)
Scrolls
 b - 2 scrolls of identify {unknown}
 c - a scroll of immolation {unknown}
 d - a scroll of enchant armour {unknown}
 f - a scroll of vulnerability {unknown}


   Skills:
 + Level 2.5 Dodging
 + Level 2.3 Stealth
 * Level 2.5 Spellcasting
 + Level 1.9 Conjurations
 * Level 4.6 Air Magic


You had one spell level left.
You knew the following spells:

 Your Spells              Type           Power      Damage    Failure   Level
a - Shock                 Conj/Air       52%        1d6       4%          1
b - Static Discharge      Conj/Air       13%        N/A       7%          2
c - Swiftness             Air            17%        N/A       9%          3

Your spell library contained the following spells:

 Spells                   Type           Power      Damage    Failure   Level
 Airstrike                Air            8%         N/A       26%         4


Dungeon Overview and Level Annotations

Branches:
Dungeon (2/15)

Altars:


Innate Abilities, Weirdness & Mutations

You have a beak for a mouth.
You have claws for feet.


Message History

Aim: an adder (heavily wounded, 48% to hit)
That beam is likely to hit you.
Continue anyway?
Okay, then.
Casting: Shock (safe; 4% risk of failure)
Confirm with . or Enter, or press ? or * to list all spells.
Aiming: Shock (safe; 4% risk of failure)
Press: ? - help, Shift-Dir - straight line, p - adder The zap hits the adder.
The adder is almost dead.
You feel sick. The adder bites you.
You are lethally poisoned!
The adder poisons you!
Casting: Shock (safe; 4% risk of failure)
Confirm with . or Enter, or press ? or * to list all spells.
Aiming: Shock (safe; 4% risk of failure)
Press: ? - help, Shift-Dir - straight line The zap misses the adder.
You feel very sick. The adder barely misses you. x2
Unknown command.
Casting: Shock (safe; 4% risk of failure)
Confirm with . or Enter, or press ? or * to list all spells.
Aiming: Shock (safe; 4% risk of failure)
Press: ? - help, Shift-Dir - straight line The zap hits the adder.
You kill the adder!
You feel sick.
Unknown command.
* * * LOW HITPOINT WARNING * * *
You feel sick.
* * * LOW HITPOINT WARNING * * *
You feel sick.
* * * LOW HITPOINT WARNING * * *
You feel sick.
* * * LOW HITPOINT WARNING * * *
You feel sick.
* * * LOW HITPOINT WARNING * * *
You feel sick.
You see here 26 stones.
You die...

########### #
#.#.#...#.#.#
##.#....†#.#
#.#..#.#..# ##
##..##.##..# ..
#..##...##..# #..# ##
#.##..().##.# #..##
#..##.@.##..# ##....
##..##.##..## ##...##
#.#..###..# ##.....##
##g#..#..# ##.......##
#.#.#...# #.........#
######.######.........'
#..............>.....†#
#####.#..###.#.......##
#.....# #.##.....##


There were no monsters in sight!

Vanquished Creatures
  An adder (D:2)
  A dart slug (D:2)
  2 giant cockroaches (D:1)
  2 goblins
  2 hobgoblins
  2 quokkas (D:1)
  2 ball pythons
  7 bats (D:1)
  A frilled lizard (D:1)
  3 kobolds
  2 rats
25 creatures vanquished.

Notes
Turn   | Place    | Note
-------+----------+-------------------------------------------
     0 | D:1      | Zeld the Tengu Air Elementalist began the quest for the
                  | Orb.
     0 | D:1      | Reached XP level 1. HP: 10/10 MP: 4/4
   249 | D:1      | Reached XP level 2. HP: 15/15 MP: 4/6
  1031 | D:2      | Reached XP level 3. HP: 19/19 MP: 5/7
  1034 | D:2      | Learned a level 2 spell: Static Discharge
  1038 | D:2      | Learned a level 3 spell: Swiftness
  1093 | D:2      | Succumbed to an adder's poison

Illustrated notes

Levels and vault maps discovered:
D:1:      amcnicky_arrival_single_pillar, layout_basic
D:2:      minmay_diamond_boxcup, layout_loops_corners, serial_rivers,
          chequers_serial_rivers_small_a, chequers_serial_rivers_micro_a,
          chequers_serial_rivers_small_a, chequers_serial_rivers_micro_b,
          chequers_serial_rivers_large_a, chequers_serial_rivers_micro_d,
          uniq_natasha, uniq_sigmund

Action                   || total
-------------------------++-------
 Cast: Shock             ||    55
Armor: Robe              ||     2
Dodge: Dodged            ||     7
